| TOP OF THE 1ST |
|
Bluefield Blue Jays batting - Pitching for Orem Owlz : LHP Aqissiaq Storch
|
|
Pitching: LHP Aqissiaq Storch
|
|
|
Batting: RHB Jake Bronner
|
0-0: Called Strike 0-1: Ball 1-1: Ball 2-1: SINGLE (Groundball, 56D, EV 100.6 MPH)
|
|
Batting: RHB Jorge Cruz
|
0-0: Ball 1-0: Foul Ball, location: 2F Pickoff Throw to First - Error! E1 Jake Bronner to second 1-1: Foul Ball, location: 2F 1-2: Ball 2-2: Strikes out swinging
|
|
Batting: RHB Mark Noftall
|
0-0: Swinging Strike 0-1: Ball Passed Ball! Jake Bronner to third 1-1: Called Strike 1-2: Ball 2-2: Ball 3-2: Base on Balls
|
|
Batting: RHB Terry Plumley
|
0-0: Fielders Choice at 2nd, 4-6 (Groundball, 34, EV 100.0 MPH) Jake Bronner scores
|
|
Batting: RHB John Rios
|
0-0: Foul Ball, location: 2F 0-1: Ball Wild Pitch! Terry Plumley to second 1-1: Ball 2-1: Swinging Strike 2-2: Ground out 6-3 (Groundball, 6, EV 82.5 MPH)
|
| Top of the 1st over - 1 run, 1 hit, 1 error, 1 left on base; Bluefield 1 - Orem 0 |
| BOTTOM OF THE 1ST |
|
Orem Owlz batting - Pitching for Bluefield Blue Jays : RHP Shalom Diender
|
|
Pitching: RHP Shalom Diender
|
|
|
Batting: RHB Daniel Molina
|
0-0: Ball 1-0: Foul Ball, location: 2F 1-1: Fly out, F4 (Popup, 3D, EV 69.4 MPH)
|
|
Batting: RHB Fred Saxton
|
0-0: Swinging Strike 0-1: Ball 1-1: Called Strike 1-2: SINGLE (Groundball, 6, EV 97.5 MPH)
|
|
Batting: RHB Dan Myers
|
0-0: Ball Fred Saxton steals 2nd base 1-0: Called Strike 1-1: Ball 2-1: Fly out, F9 (Flyball, 89M, EV 88.1 MPH)
|
|
Batting: LHB Ramon Garduno
|
0-0: Called Strike 0-1: Ball 1-1: Called Strike 1-2: Strikes out looking
|
| Bottom of the 1st over - 0 runs, 1 hit, 0 errors, 1 left on base; Bluefield 1 - Orem 0 |
| TOP OF THE 2ND |
|
Bluefield Blue Jays batting - Pitching for Orem Owlz : LHP Aqissiaq Storch
|
|
Batting: LHB Ron de Vos
|
0-0: Foul Ball, location: 2F 0-1: Ball 1-1: DOUBLE (Flyball, 78D, EV 96.9 MPH)
|
|
Batting: RHB Lao-che Zhu
|
0-0: Foul Ball, location: 2F 0-1: Ball Wild Pitch! Ron de Vos to third 1-1: Called Strike 1-2: Strikes out looking
|
|
Batting: LHB Nate Greening
|
0-0: Hit by Pitch
|
|
Batting: RHB Jorge Alva
|
0-0: Called Strike Nate Greening is caught stealing 2nd base 2-4 0-1: Ball 1-1: 2-RUN HOME RUN (Line Drive, 78XD, EV 113.1 MPH), Distance : 428 ft
|
|
Batting: RHB Jake Bronner
|
0-0: Ball 1-0: Ground out 5-3 (Groundball, 56, EV 82.5 MPH)
|
| Top of the 2nd over - 2 runs, 2 hits, 0 errors, 0 left on base; Bluefield 3 - Orem 0 |
| BOTTOM OF THE 2ND |
|
Orem Owlz batting - Pitching for Bluefield Blue Jays : RHP Shalom Diender
|
|
Batting: LHB Bill Girton
|
0-0: Ball 1-0: Swinging Strike 1-1: SINGLE (Groundball, 4MD, EV 100.0 MPH)
|
|
Batting: RHB Brendan Garoutte
|
0-0: Ball 1-0: Foul Ball, location: 2F 1-1: Foul Ball, location: 2F 1-2: Ball 2-2: Foul Ball, location: 2F 2-2: Fly out, F9 (Flyball, 9, EV 96.2 MPH)
|
|
Batting: LHB Kevin Feldman
|
0-0: Ball Bill Girton is caught stealing 2nd base 2-6 1-0: Foul Ball, location: 2F 1-1: Called Strike 1-2: Strikes out looking
|
| Bottom of the 2nd over - 0 runs, 1 hit, 0 errors, 0 left on base; Bluefield 3 - Orem 0 |
| TOP OF THE 3RD |
|
Bluefield Blue Jays batting - Pitching for Orem Owlz : LHP Aqissiaq Storch
|
|
Batting: RHB Jorge Cruz
|
0-0: Called Strike 0-1: Swinging Strike 0-2: Foul Ball, location: 2F 0-2: Ball 1-2: Strikes out swinging
|
|
Batting: RHB Mark Noftall
|
0-0: Called Strike 0-1: Ball 1-1: SOLO HOME RUN (Flyball, 7D, EV 98.8 MPH), Distance : 387 ft
|
|
Batting: RHB Terry Plumley
|
0-0: Called Strike 0-1: Ball 1-1: Ground out 6-3 (Groundball, 6, EV 83.1 MPH)
|
|
Batting: RHB John Rios
|
0-0: Called Strike 0-1: Foul Ball, location: 2F 0-2: Ball 1-2: Hit by Pitch
|
|
Batting: LHB Ron de Vos
|
0-0: Foul Ball, location: 2F 0-1: Foul Ball, location: 2F 0-2: Strikes out looking
|
| Top of the 3rd over - 1 run, 1 hit, 0 errors, 1 left on base; Bluefield 4 - Orem 0 |
| BOTTOM OF THE 3RD |
|
Orem Owlz batting - Pitching for Bluefield Blue Jays : RHP Shalom Diender
|
|
Batting: SHB David Vigo
|
0-0: Called Strike 0-1: Swinging Strike 0-2: Ball 1-2: Ball 2-2: Ball 3-2: Foul Ball, location: 2F 3-2: Base on Balls
|
|
Batting: SHB Marty Kuehn
|
0-0: Ball 1-0: Ball 2-0: Grounds into double play, 4-6-3 (Groundball, 4, EV 97.5 MPH)
|
|
Batting: RHB Daniel Molina
|
0-0: Called Strike 0-1: Ball 1-1: DOUBLE (Line Drive, 7LS, EV 93.1 MPH)
|
|
Batting: RHB Fred Saxton
|
0-0: Ball 1-0: Called Strike 1-1: Foul Ball, location: 2F 1-2: Ball 2-2: Strikes out swinging
|
| Bottom of the 3rd over - 0 runs, 1 hit, 0 errors, 1 left on base; Bluefield 4 - Orem 0 |
| TOP OF THE 4TH |
|
Bluefield Blue Jays batting - Pitching for Orem Owlz : LHP Aqissiaq Storch
|
|
Batting: RHB Lao-che Zhu
|
0-0: Foul Ball, location: 2F 0-1: Hit by Pitch
|
|
Pinch Runner at 1st Pete Duncan:
|
|
|
Batting: LHB Nate Greening
|
0-0: Called Strike Pete Duncan is caught stealing 2nd base 2-6 0-1: Ball 1-1: Foul Ball, location: 2F 1-2: Ball 2-2: Ball 3-2: Ground out U3 (Groundball, 3, EV 101.2 MPH)
|
|
Batting: RHB Jorge Alva
|
0-0: Ball 1-0: Ball 2-0: Ball 3-0: Base on Balls
|
|
Batting: RHB Jake Bronner
|
0-0: Ball 1-0: Swinging Strike 1-1: Hit by Pitch Jorge Alva to second
|
|
Batting: RHB Jorge Cruz
|
0-0: Foul Ball, location: 2F 0-1: Fly out, F7 (Flyball, 78S, EV 88.8 MPH)
|
| Top of the 4th over - 0 runs, 0 hits, 0 errors, 2 left on base; Bluefield 4 - Orem 0 |
| BOTTOM OF THE 4TH |
|
Orem Owlz batting - Pitching for Bluefield Blue Jays : RHP Shalom Diender
|
|
Now at 3B: Pete Duncan
|
|
|
Batting: RHB Dan Myers
|
0-0: Fly out, F8 (Flyball, 78S, EV 81.9 MPH)
|
|
Batting: LHB Ramon Garduno
|
0-0: Foul Ball, location: 2F 0-1: Swinging Strike 0-2: SINGLE (Line Drive, 5D, EV 96.2 MPH)
|
|
Batting: LHB Bill Girton
|
0-0: Ball 1-0: Ball 2-0: Foul Ball, location: 2F 2-1: Called Strike 2-2: Strikes out swinging
|
|
Batting: RHB Brendan Garoutte
|
0-0: Fly out, F8 (Flyball, 8RM, EV 82.5 MPH)
|
| Bottom of the 4th over - 0 runs, 1 hit, 0 errors, 1 left on base; Bluefield 4 - Orem 0 |
| TOP OF THE 5TH |
|
Bluefield Blue Jays batting - Pitching for Orem Owlz : LHP Aqissiaq Storch
|
|
Batting: RHB Mark Noftall
|
0-0: Ball 1-0: Ball 2-0: Ground out 6-3 (Groundball, 6, EV 83.8 MPH)
|
|
Batting: RHB Terry Plumley
|
0-0: Ball 1-0: Foul Ball, location: 2F 1-1: Foul Ball, location: 2F 1-2: Strikes out swinging
|
|
Batting: RHB John Rios
|
0-0: Ball 1-0: Called Strike 1-1: Ground out 5-3 (Groundball, 56S, EV 85.6 MPH)
|
| Top of the 5th over - 0 runs, 0 hits, 0 errors, 0 left on base; Bluefield 4 - Orem 0 |
| BOTTOM OF THE 5TH |
|
Orem Owlz batting - Pitching for Bluefield Blue Jays : RHP Shalom Diender
|
|
Batting: LHB Kevin Feldman
|
0-0: Called Strike 0-1: SOLO HOME RUN (Line Drive, 78XD, EV 110.6 MPH), Distance : 422 ft
|
|
Batting: SHB David Vigo
|
0-0: Foul Ball, location: 2F 0-1: Ball 1-1: Ball 2-1: Called Strike 2-2: Strikes out swinging
|
|
Batting: SHB Marty Kuehn
|
0-0: Ball 1-0: Called Strike 1-1: Ball 2-1: Ball 3-1: Foul Ball, location: 2F 3-2: Base on Balls
|
|
Batting: RHB Daniel Molina
|
0-0: Ball 1-0: Foul Ball, location: 2F 1-1: Ball 2-1: Ball 3-1: Base on Balls Marty Kuehn to second
|
|
Batting: RHB Fred Saxton
|
0-0: Ball 1-0: 3-RUN HOME RUN (Flyball, 9LD, EV 91.2 MPH), Distance : 336 ft
|
|
Batting: RHB Dan Myers
|
0-0: Called Strike 0-1: Called Strike 0-2: Strikes out swinging
|
|
Batting: LHB Ramon Garduno
|
0-0: Fly out, F9 (Flyball, 89S, EV 83.1 MPH)
|
| Bottom of the 5th over - 4 runs, 2 hits, 0 errors, 0 left on base; Bluefield 4 - Orem 4 |
| TOP OF THE 6TH |
|
Bluefield Blue Jays batting - Pitching for Orem Owlz : LHP Aqissiaq Storch
|
|
Pitching: LHP Yee Koh
|
|
|
Pinch Hitting: SHB Kevin Watson
|
0-0: Ball 1-0: Called Strike 1-1: Ball 2-1: Ball 3-1: Base on Balls
|
|
Batting: RHB Pete Duncan
|
0-0: Ball 1-0: Ball 2-0: Fielders Choice at 2nd, 6-4 (Groundball, 6, EV 100.0 MPH)
|
|
Pinch Hitting: RHB Carlos Bravo
|
0-0: Called Strike Pete Duncan is caught stealing 2nd base 2-4 0-1: Fly out, F7 (Flyball, 78S, EV 77.5 MPH)
|
| Top of the 6th over - 0 runs, 0 hits, 0 errors, 0 left on base; Bluefield 4 - Orem 4 |
| BOTTOM OF THE 6TH |
|
Orem Owlz batting - Pitching for Bluefield Blue Jays : RHP Shalom Diender
|
|
Now at 2B: Pete Duncan
|
|
|
Now at 3B: Kevin Watson
|
|
|
Now in LF: Carlos Bravo
|
|
|
Now in CF: Jake Bronner
|
|
|
Batting: LHB Bill Girton
|
0-0: Ball 1-0: Swinging Strike 1-1: Ball 2-1: Foul Ball, location: 2F 2-2: Strikes out looking
|
|
Batting: RHB Brendan Garoutte
|
0-0: Ball 1-0: Ground out 6-3 (Groundball, 6, EV 86.9 MPH)
|
|
Batting: LHB Kevin Feldman
|
0-0: Called Strike 0-1: Ground out 4-3 (Groundball, 4S, EV 83.8 MPH)
|
| Bottom of the 6th over - 0 runs, 0 hits, 0 errors, 0 left on base; Bluefield 4 - Orem 4 |
| TOP OF THE 7TH |
|
Bluefield Blue Jays batting - Pitching for Orem Owlz : LHP Yee Koh
|
|
Pinch Hitting: RHB Mike Chamberlain
|
0-0: Called Strike 0-1: Ball 1-1: Ball 2-1: Ball 3-1: Base on Balls
|
|
Batting: RHB Jake Bronner
|
0-0: Sac Bunt to 13S - play at first, batter OUT! 1-3 Mike Chamberlain to second
|
|
Batting: RHB Jorge Cruz
|
0-0: Called Strike 0-1: Ball 1-1: Foul Ball, location: 2F 1-2: Ball 2-2: DOUBLE (Groundball, 5L, EV 102.5 MPH) Mike Chamberlain scores
|
|
Pitching: RHP Jeff Shelton
|
|
|
Batting: RHB Mark Noftall
|
0-0: Called Strike 0-1: Ground out 5-3 (Groundball, 56, EV 108.8 MPH)
|
|
Batting: RHB Terry Plumley
|
0-0: Ball 1-0: Ball 2-0: Called Strike 2-1: Swinging Strike 2-2: Foul Ball, location: 2F 2-2: Foul Ball, location: 2F 2-2: Ball 3-2: Base on Balls
|
|
Batting: RHB John Rios
|
0-0: Foul Ball, location: 2F 0-1: SINGLE (Groundball, 3D, EV 107.5 MPH) Jorge Cruz to third Terry Plumley to second Runner from 3rd tries for Home, SAFE, throw by RF to home
|
|
Batting: SHB Kevin Watson
|
0-0: Ball 1-0: Ball Passed Ball! Terry Plumley to third John Rios to second 2-0: Ball 3-0: Called Strike 3-1: Base on Balls
|
|
Batting: RHB Pete Duncan
|
0-0: Ball 1-0: Ball 2-0: Ball 3-0: Called Strike 3-1: SINGLE (Groundball, 4M, EV 103.1 MPH) (infield hit) Terry Plumley scores John Rios to third Kevin Watson to second
|
|
Pitching: RHP Arnold Frye
|
|
|
Batting: RHB Carlos Bravo
|
0-0: Ball 1-0: Ball 2-0: Ball 3-0: Called Strike 3-1: Called Strike 3-2: DOUBLE (Groundball, 5L, EV 104.4 MPH) John Rios scores Kevin Watson scores Pete Duncan to third Pete Duncan scores
|
|
Batting: RHB Mike Chamberlain
|
0-0: Ball 1-0: Ball 2-0: Foul Ball, location: 2F 2-1: Ball 3-1: Base on Balls
|
|
Batting: RHB Jake Bronner
|
0-0: Ball 1-0: Called Strike 1-1: Ball 2-1: Ball 3-1: Fly out, F6 (Flyball, 56D, EV 93.1 MPH)
|
| Top of the 7th over - 6 runs, 4 hits, 0 errors, 2 left on base; Bluefield 10 - Orem 4 |
| BOTTOM OF THE 7TH |
|
Orem Owlz batting - Pitching for Bluefield Blue Jays : RHP Shalom Diender
|
|
Now in RF: Mike Chamberlain
|
|
|
Batting: SHB David Vigo
|
0-0: Ball 1-0: Ball 2-0: Foul Ball, location: 2F 2-1: Called Strike 2-2: Ground out 6-3 (Groundball, 6M, EV 86.2 MPH)
|
|
Batting: SHB Marty Kuehn
|
0-0: Ball 1-0: Foul Ball, location: 2F 1-1: Called Strike 1-2: Ball 2-2: Ground out 6-3 (Groundball, 6, EV 105.6 MPH)
|
|
Batting: RHB Daniel Molina
|
0-0: Swinging Strike 0-1: Ball 1-1: Ball 2-1: Swinging Strike 2-2: Strikes out swinging
|
| Bottom of the 7th over - 0 runs, 0 hits, 0 errors, 0 left on base; Bluefield 10 - Orem 4 |
| TOP OF THE 8TH |
|
Bluefield Blue Jays batting - Pitching for Orem Owlz : RHP Arnold Frye
|
|
Batting: RHB Jorge Cruz
|
0-0: Ball 1-0: Ball 2-0: Called Strike 2-1: Ball 3-1: Base on Balls
|
|
Pitching: RHP Victor Padilla
|
|
|
Batting: RHB Mark Noftall
|
0-0: SINGLE (Line Drive, 6MD, EV 95.0 MPH) Jorge Cruz to second
|
|
Batting: RHB Terry Plumley
|
0-0: Called Strike 0-1: Ball 1-1: Ball 2-1: Ball 3-1: Swinging Strike 3-2: 3-RUN HOME RUN (Flyball, 7LD, EV 94.4 MPH), Distance : 352 ft
|
|
Batting: RHB John Rios
|
0-0: Ball 1-0: Called Strike 1-1: Foul Ball, location: 2F 1-2: Ground out 4-3 (Groundball, 4, EV 85.6 MPH)
|
|
Batting: SHB Kevin Watson
|
0-0: Called Strike 0-1: Ball 1-1: Ball 2-1: Swinging Strike 2-2: Strikes out swinging
|
|
Batting: RHB Pete Duncan
|
0-0: Called Strike 0-1: Ball 1-1: Foul Ball, location: 2F 1-2: Ball 2-2: Strikes out swinging
|
| Top of the 8th over - 3 runs, 2 hits, 0 errors, 0 left on base; Bluefield 13 - Orem 4 |
| BOTTOM OF THE 8TH |
|
Orem Owlz batting - Pitching for Bluefield Blue Jays : RHP Shalom Diender
|
|
Pitching: RHP Aaron Meiggs
|
|
|
Batting: RHB Fred Saxton
|
0-0: Ball 1-0: Ball 2-0: Called Strike 2-1: Foul Ball, location: 2F 2-2: Fly out, F9 (Flyball, 89D, EV 96.2 MPH)
|
|
Batting: RHB Dan Myers
|
0-0: Ball 1-0: Foul Ball, location: 2F 1-1: Swinging Strike 1-2: Ball 2-2: Ball 3-2: Foul Ball, location: 2F 3-2: Strikes out swinging
|
|
Batting: LHB Ramon Garduno
|
0-0: Ball 1-0: Foul Ball, location: 2F 1-1: Swinging Strike 1-2: Fly out, F7 (Flyball, 7LSF, EV 80.6 MPH)
|
| Bottom of the 8th over - 0 runs, 0 hits, 0 errors, 0 left on base; Bluefield 13 - Orem 4 |
| TOP OF THE 9TH |
|
Bluefield Blue Jays batting - Pitching for Orem Owlz : RHP Victor Padilla
|
|
Pitching: RHP Jerry Romero
|
|
|
Batting: RHB Carlos Bravo
|
0-0: Ball 1-0: Foul Ball, location: 2F 1-1: Swinging Strike 1-2: Foul Ball, location: 2F 1-2: Ball 2-2: Ground out 6-3 (Groundball, 6, EV 92.5 MPH)
|
|
Batting: RHB Mike Chamberlain
|
0-0: Swinging Strike 0-1: Ball 1-1: Ball 2-1: Called Strike 2-2: TRIPLE (Line Drive, 9LD, EV 101.9 MPH)
|
|
Batting: RHB Jake Bronner
|
0-0: Ball 1-0: Swinging Strike 1-1: 2-RUN HOME RUN (Flyball, 7D, EV 98.8 MPH), Distance : 381 ft
|
|
Batting: RHB Jorge Cruz
|
0-0: Ball 1-0: Ball 2-0: Swinging Strike 2-1: Called Strike 2-2: Strikes out swinging
|
|
Pitching: RHP Aaron Bryant
|
|
|
Batting: RHB Mark Noftall
|
0-0: Ball 1-0: Called Strike 1-1: Swinging Strike 1-2: Foul Ball, location: 2F 1-2: Ball 2-2: Ground out 5-3 (Groundball, 56, EV 90.6 MPH)
|
| Top of the 9th over - 2 runs, 2 hits, 0 errors, 0 left on base; Bluefield 15 - Orem 4 |
| BOTTOM OF THE 9TH |
|
Orem Owlz batting - Pitching for Bluefield Blue Jays : RHP Aaron Meiggs
|
|
Batting: LHB Bill Girton
|
0-0: Ball 1-0: Ball 2-0: Ball 3-0: Called Strike 3-1: Foul Ball, location: 2F 3-2: Strikes out swinging
|
|
Pinch Hitting: LHB Alberto Carrillo
|
0-0: Ball 1-0: Foul Ball, location: 2F 1-1: Called Strike 1-2: Foul Ball, location: 2F 1-2: SINGLE (Flyball, 3D, EV 91.9 MPH)
|
|
Batting: LHB Kevin Feldman
|
0-0: Called Strike 0-1: Ball 1-1: Ball 2-1: Called Strike 2-2: Strikes out swinging
|
|
Batting: SHB David Vigo
|
0-0: Ball 1-0: Ball 2-0: Ball 3-0: Called Strike 3-1: Foul Ball, location: 2F 3-2: Foul Ball, location: 2F 3-2: Strikes out swinging
|
| Bottom of the 9th over - 0 runs, 1 hit, 0 errors, 1 left on base; Bluefield 15 - Orem 4 |
|